 Dungeon Crawl Stone Soup version 0.28-a0-1087-gf3fc490d9d (webtiles) character file.

Game seed: 13949011655826820913

61 ytrimaz the Insei (level 4, -9/28 HPs)
             Began as an Octopode Transmuter on Dec 10, 2021.
             Killed from afar by Sigmund (10 damage)
             ... with a magic dart
             ... on level 2 of the Dungeon.
             The game lasted 00:01:18 (1571 turns).

ytrimaz the Insei (Octopode Transmuter)             Turns: 1571, Time: 00:01:19

Health: -9/28      AC:  1    Str:  9    XL:     4   Next: 7%
Magic:  7/8        EV: 13    Int: 17    God:
Gold:   70         SH:  0    Dex: 12    Spells: 2/8 levels left

rFire   . . .      SeeInvis .     - Unarmed
rCold   . . .      Faith    .   (no shield)
rNeg    . . .      Spirit   .   (helmet restricted)
rPois   .          Reflect  .   (no amulet)
rElec   .          Harm     .   (no ring)
rCorr   .          Rampage  .   (no ring)
Will    .....                   (no ring)
Stlth   ++........              (no ring)
HPRegen 0.09/turn               (no ring)
MPRegen 0.11/turn               (no ring)
                                (no ring)
                                (no ring)

@: confused, on berserk cooldown, slowed, very slow
A: almost no armour, amphibious, 8 rings, camouflage 1, gelatinous body 1,
(nimble swimmer 1), tentacles
a: no special abilities


You were on level 2 of the Dungeon.
You visited 1 branch of the dungeon, and saw 2 of its levels.

You collected 70 gold pieces.

Inventory:

Scrolls
 c - a scroll of amnesia


   Skills:
 * Level 1.6 Fighting
 - Level 2.0 Dodging
 + Level 3.7 Unarmed Combat
 * Level 2.7 Spellcasting
 * Level 2.4 Transmutations


You had 2 spell levels left.
You knew the following spells:

 Your Spells              Type           Power      Damage    Failure   Level
a - Beastly Appendage     Tmut           20%        N/A       7%          1
b - Wereblood             Tmut           10%        N/A       10%         2
c - Spider Form           Tmut/Pois      6%         N/A       32%         3

Your spell library contained the following spells:

 Spells                   Type           Power      Damage    Failure   Level
 Ice Form                 Ice/Tmut       6%         N/A       71%         4


Dungeon Overview and Level Annotations

Branches:
Dungeon (2/15)

Altars:

Shops:
D:2 *

Annotations:
D:2 Sigmund


Innate Abilities, Weirdness & Mutations

You cannot wear most types of armour.
You are amphibious.
You can wear up to eight rings at the same time.
Your skin changes colour to match your surroundings (Stealth+).
Your rubbery body absorbs attacks. (AC +1, EV +1)
((You are camouflaged near water. (Stealth+)))
You have tentacles for arms and can constrict up to eight enemies at once.


Message History

Unknown command.
You release your grip on Sigmund.
You feel a strong urge to attack something.
Sigmund misses you.
Unknown command.
You bump into the rock wall.
You feel your anger nearly subside.
You are no longer berserk.
You are exhausted.
You feel yourself slow down.
Sigmund casts a spell.
Sigmund flickers and vanishes!
Deactivating autopickup; reactivate with Ctrl-A.
Unknown command.
Something barely misses you.
Unknown command.
You bump into the crystal wall.
Something hits you.
Unknown command.
You're too confused to move!
You feel less confused.
You hear some strange, mumbled words.
Something tries to affect you, but you resist.
Unknown command.
Something hits you.
Unknown command.
You miss something. Something hits you!
* * * LOW HITPOINT WARNING * * *
Unknown command.
You miss something. Your squeeze misses something.
You hear some strange, mumbled words.
You are confused.
Unknown command.
You bump into the crystal wall.
You hear some strange, mumbled words.
A magic dart appears from out of thin air!
The magic dart hits you!
* * * LOW HITPOINT WARNING * * *
You hear some strange, mumbled words.
A magic dart appears from out of thin air!
The magic dart hits you!
You die...

##.. ##.. ...#
... #..####..
#........####
.....##...
#.#.##.#
##......#
#...<.>.#####
#.#@.###.).).#
#...#{#
#####......
#..∩..#.#
####. #..#...#
... #...#.#
.### ##...# ##
####


There were no monsters in sight!

Vanquished Creatures
  Robin (D:2)
  A gnoll (D:1)
  A bat (D:1)
  2 endoplasms (D:1)
  2 giant cockroaches (D:1)
  13 goblins
  7 hobgoblins
  3 kobolds (D:1)
  A quokka (D:1)
  A rat (D:2)
32 creatures vanquished.

Notes
Turn   | Place    | Note
-------+----------+-------------------------------------------
     0 | D:1      | ytrimaz the Octopode Transmuter began the quest for the
                  | Orb.
     0 | D:1      | Reached XP level 1. HP: 13/13 MP: 3/3
   269 | D:1      | Reached XP level 2. HP: 13/18 MP: 5/5
   761 | D:1      | Reached XP level 3. HP: 11/23 MP: 4/6
   768 | D:1      | Learned a level 2 spell: Wereblood
   772 | D:1      | Learned a level 3 spell: Spider Form
  1244 | D:2      | Found Gyblurgh's Assorted Antiques.
  1247 | D:2      | Noticed Robin
  1538 | D:2      | Killed Robin
  1539 | D:2      | Reached XP level 4. HP: 24/28 MP: 3/8
  1555 | D:2      | Noticed Sigmund
  1571 | D:2      | HP: 1/28 [something/magic dart (8)]
  1571 | D:2      | Killed from afar by Sigmund

Illustrated notes

Levels and vault maps discovered:
D:1:      minmay_arrival_plants_in_alcoves, layout_rooms
D:2:      layout_rooms, serial_shops, nicolae_diamond_shop, st_stairs_5,
          uniq_robin, uniq_sigmund

Action                   |  1- 3 |  4- 6 || total
-------------------------+-------+-------++-------
Melee: Unarmed           |    68 |     6 ||    74
       Constrict         |    12 |     1 ||    13
       Kick              |     2 |       ||     2
       Punch             |     2 |       ||     2
       Tentacles         |     6 |     3 ||     9
 Cast: Beastly Appendage |     3 |       ||     3
       Wereblood         |     2 |       ||     2
       Spider Form       |     1 |       ||     1
  Use: Scroll            |     2 |       ||     2
       Potion            |       |     2 ||     2
 Stab: Sleeping          |     5 |       ||     5
Armor: Skin              |     4 |       ||     4
Dodge: Dodged            |    38 |     4 ||    42

Table legend: (Time is in decaauts)
 A = Elapsed time spent in this place.
 B = Non-inter-level travel time spent in this place.
 C = Inter-level travel time spent in this place.
 D = Time resting spent in this place.
 E = Time spent auto-exploring this place.
 F = Levels seen in this place.
 G = Mean time per level.
                   A        B        C        D        E       F      G
               +--------+--------+--------+--------+--------+-----+--------+
         Total |   1569 |   1561 |      8 |      0 |   1348 |   2 |  784.5 |
       Dungeon |   1569 |   1561 |      8 |      0 |   1348 |   2 |  784.5 |
               +--------+--------+--------+--------+--------+-----+--------+

Top non-repeatable levels by time:
     D:1: 1506 daAuts
     D:2: 62 daAuts
